 Dungeon Crawl Stone Soup version 0.27.0-1-g7a089689b8 (webtiles) character file.

Game seed: 13644616554506268048

2268 Spaninq the Cruncher (level 9, -7/71 HPs)
             Began as a Formicid Gladiator on Aug 12, 2021.
             Mangled by a four-headed hydra (9 damage)
             ... on level 6 of the Dungeon.
             The game lasted 00:18:12 (6618 turns).

Spaninq the Cruncher (Formicid Gladiator)           Turns: 6618, Time: 00:18:13

Health: -7/71      AC: 16    Str: 22    XL:     9   Next: 65%
Magic:  9/9        EV: 11    Int:  8    God:
Gold:   124        SH:  7    Dex: 15    Spells: 8/8 levels left

rFire    + . .     SeeInvis +   a - +1 quarterstaff
rCold    . . .     Faith    .   m - +2 buckler {AC+3}
rNeg     . . .     Spirit   .   g - +6 scale mail of the Spider Nest {Dex+3}
rPois    .         Reflect  .   (helmet unavailable)
rElec    .         Harm     .   (no cloak)
rCorr    .         Rampage  .   (no gloves)
Will     .....                  (no boots)
Stlth    ..........             (no amulet)
HPRegen  0.21/turn              b - ring of protection from fire
MPRegen  0.11/turn              (no ring)

@: mighty, brilliant
A: permanent stasis, dig shafts and tunnels, antennae 3, four strong arms
a: Dig, Shaft Self


You were on level 6 of the Dungeon.
You visited 1 branch of the dungeon, and saw 6 of its levels.

You collected 331 gold pieces.
You spent 207 gold pieces at shops.

Inventory:

Hand Weapons
 a - a +1 quarterstaff (weapon)
 h - a +0 short sword of holy wrath
 i - a +4 spectral hand axe
Missiles
 c - 6 throwing nets (quivered)
Armour
 g - the +6 scale mail of the Spider Nest (worn) {Dex+3}
   (You bought it in a shop on level 6 of the Dungeon)

   Dex:       It affects your dexterity (+3).
 m - a +2 buckler of protection (worn)
Jewellery
 b - a ring of protection from fire (left hand)
Scrolls
 j - 2 scrolls of enchant weapon
 v - a scroll of amnesia
 x - 2 scrolls of magic mapping
Potions
 d - a potion of flight
 e - 2 potions of curing
 f - a potion of mutation
 o - 2 potions of might


   Skills:
 + Level 6.5 Fighting
 * Level 8.6 Staves
 - Level 2.0 Throwing
 + Level 5.4 Armour
 - Level 2.6 Dodging
 + Level 5.9 Shields


You had 8 spell levels left.
You didn't know any spells.
Your spell library was empty.

Dungeon Overview and Level Annotations

Branches:
Dungeon (6/15)
 Temple: D:4-7

Altars:
Dithmenos
Fedhas

Shops:
D:3 :   D:6 *


Innate Abilities, Weirdness & Mutations

You cannot be hasted, slowed, berserked, paralysed or teleported.
You can dig through walls and to a lower floor.
You have a pair of large antennae on your head. (SInv)
Your four strong arms can wield two-handed weapons with a shield.


Message History

The four-headed hydra bites you but does no damage.
Okay, then.
You thump the four-headed hydra!
The four-headed hydra is heavily wounded.
The four-headed hydra bites you.
The four-headed hydra bites you but does no damage.
The four-headed hydra barely misses you.
The four-headed hydra bites you!
* * * LOW HITPOINT WARNING * * *
It was a potion of brilliance.
You feel clever all of a sudden.
The four-headed hydra barely misses you.
The four-headed hydra bites you but does no damage. x2
The four-headed hydra bites you!
* * * LOW HITPOINT WARNING * * *
You are confused.
You feel invigorated.
The four-headed hydra closely misses you.
The four-headed hydra barely misses you.
The four-headed hydra bites you but does no damage. x2
You bump into the rock wall.
You feel less invigorated.
You feel less confused.
You block the four-headed hydra's attack.
The four-headed hydra bites you!
* * * LOW HITPOINT WARNING * * *
You block the four-headed hydra's attack.
The four-headed hydra bites you but does no damage.
You bludgeon the four-headed hydra!!
The four-headed hydra is severely wounded.
The four-headed hydra bites you but does no damage.
The four-headed hydra bites you.
* * * LOW HITPOINT WARNING * * *
The four-headed hydra bites you.
* * * LOW HITPOINT WARNING * * *
The four-headed hydra bites you but does no damage.
You hit the four-headed hydra.
The four-headed hydra is almost dead.
The four-headed hydra bites you but does no damage. x3
The four-headed hydra bites you!
You die...

### ### ..# #.# ### #.# #.#
###############.#### #.#####.#
##........o..........
....{..D#####...############.####
#.#)###....[.................####
#.#.!<#######.>................[.
#.##### #...##.......#.#.#### ###
#...@.[......#.#.#
####.D##.......#.#.#
#..................#
#.....#.........####
#.....#.........#
#####...........# #.#.........#
#...........# ##'#.........#


You could see a four-headed hydra.

Vanquished Creatures
  A troll (D:6)
  A hornet zombie (D:6)
  2 sky beasts (D:6)
  2 ice beasts
  A black bear (D:6)
  A necrophage (D:6)
  An ogre (D:4)
  2 kobold brigands
  2 scorpions (D:4)
  A water moccasin zombie (D:6)
  A water moccasin skeleton (D:5)
  4 wights (D:6)
  A centaur zombie (D:6)
  A bullfrog zombie (D:5)
  4 jellies
  An orc priest (D:5)
  6 hounds
  2 iguanas (D:4)
  4 orc wizards
  A killer bee zombie (D:6)
  A hound skeleton (D:5)
  5 adders
  A shadow imp (D:5)
  2 ufetubi (D:6)
  An adder skeleton (D:4)
  A worm (D:2)
  2 dart slugs
  16 orcs
  10 ball pythons
  7 bats
  7 endoplasms
  3 giant cockroaches
  5 goblins
  7 hobgoblins
  10 jackals
  13 kobolds
  3 quokkas
  6 frilled lizards
  4 rats
143 creatures vanquished.

Vanquished Creatures (collateral kills)
  A jelly (D:6)
1 creature vanquished.

Vanquished Creatures (others)
  15 plants
15 creatures vanquished.

Grand Total: 159 creatures vanquished

Notes
Turn   | Place    | Note
-------+----------+-------------------------------------------
     0 | D:1      | Spaninq the Formicid Gladiator began the quest for the Orb.
     0 | D:1      | Reached XP level 1. HP: 16/16 MP: 1/1
   172 | D:1      | Reached XP level 2. HP: 21/23 MP: 2/2
   508 | D:1      | Reached XP level 3. HP: 26/28 MP: 3/3
   823 | D:2      | Reached skill level 4 in Staves
  1159 | D:2      | Reached XP level 4. HP: 26/35 MP: 4/4
  1784 | D:3      | Found a faded altar of an unknown god.
  1952 | D:3      | Reached XP level 5. HP: 36/41 MP: 5/5
  1978 | D:3      | Reached skill level 1 in Shields
  2197 | D:3      | Found Wiffixiw's Book Shoppe.
  2373 | D:3      | Found a blossoming altar of Fedhas.
  2498 | D:3      | Reached skill level 1 in Armour
  2893 | D:4      | Noticed an ogre
  2929 | D:4      | Killed an ogre
  2930 | D:4      | Reached skill level 5 in Staves
  2930 | D:4      | Reached XP level 6. HP: 13/48 MP: 6/6
  3327 | D:4      | Reached XP level 7. HP: 52/54 MP: 7/7
  3525 | D:4      | Reached skill level 6 in Staves
  4378 | D:5      | Entered Level 5 of the Dungeon
  4542 | D:5      | Reached XP level 8. HP: 61/61 MP: 8/8
  4881 | D:5      | Found a shadowy altar of Dithmenos.
  5056 | D:6      | Noticed a troll
  5094 | D:6      | Found Ahowou's Assorted Antiques.
  5100 | D:6      | Bought a faintly glowing scale mail for 207 gold pieces
  5100 | D:6      | Identified the +6 scale mail of the Spider Nest {Dex+3}
                  | (You bought it in a shop on level 6 of the Dungeon)
  5168 | D:6      | Reached skill level 5 in Fighting
  5253 | D:6      | Reached skill level 7 in Staves
  5609 | D:6      | Noticed a four-headed hydra
  5669 | D:6      | Reached XP level 9. HP: 64/69 MP: 9/9
  5725 | D:6      | Reached skill level 5 in Shields
  5784 | D:6      | Killed a troll
  5785 | D:6      | Reached skill level 8 in Staves
  5951 | D:6      | Reached skill level 5 in Armour
  6617 | D:6      | HP: 1/71 [four-headed hydra (6)]
  6618 | D:6      | Mangled by a four-headed hydra

Illustrated notes

Levels and vault maps discovered:
D:1:      shiori_arrival_elements, layout_rooms, kennysheep_doodads
D:2:      minmay_general_purpose_star, layout_basic, kennysheep_generic_room_6
D:3:      layout_basic, fedhas_altar_4, hellmonk_ecumenical_altar_blasted,
          serial_shops, shop, minmay_vboxes
D:4:      layout_loops_ring, minivault_23, chequers_serial_rivers_large_b,
          lexackson_kobold_supper
D:5:      layout_cave_pools, grunt_dithmenos_shadows
D:6:      cheibrodos_fzero, layout_basic, nicolae_wu_jian_glorious_leap,
          serial_shops, nicolae_shop_overgrown_old_shop

Skill      XL: |  1  2  3  4  5  6  7  8  9 |
---------------+----------------------------+-----
Staves         | 4 5 6 7 8 |  8.6
Fighting       | 3 4 5 6 |  6.5
Shields        | 1 2 3 4 5 |  5.9
Armour         | 1 2 3 4 5 |  5.4
Throwing       | |  2.0
Dodging        | |  2.6

Action                   |  1- 3 |  4- 6 |  7- 9 || total
-------------------------+-------+-------+-------++-------
Melee: Quarterstaff      |    91 |   124 |   346 ||   561
  Use: Scroll            |       |       |    18 ||    18
       Potion            |       |       |     5 ||     5
 Stab: Sleeping          |     1 |     2 |       ||     3
Armor: Leather armour    |    33 |    23 |     6 ||    62
       Scale mail        |       |       |   139 ||   139
Dodge: Dodged            |    68 |    58 |   159 ||   285
Block: Buckler           |       |    13 |    94 ||   107
